 Dungeon Crawl Stone Soup version 0.23.0-3-gf3c87f2 (webtiles) character file.

Game seed: 13722714591451596541

9487 Hasart the Magus (level 11, -7/90 HPs)
             Began as a Demonspawn Fighter on Feb 20, 2019.
             Was an Elder of Nemelex Xobeh.
             Mangled by a two-headed ogre
             ... wielding a +0 giant club
              (9 damage)
             ... on level 10 of the Dungeon.
             The game lasted 00:27:29 (8447 turns).

Hasart the Magus (Demonspawn Fighter)               Turns: 8447, Time: 00:27:30

Health: -7/90      AC: 16    Str: 19    XL:     11   Next: 23%
Magic:  0/17       EV:  8    Int:  9    God:    Nemelex Xobeh [****..]
Gold:   295        SH: 11    Dex: 17    Spells: 10/10 levels left

rFire    . . .     SeeInvis .   q - +4 hand axe (freeze)
rCold    . . .     Gourm    .   c - +0 shield
rNeg     + . .     Faith    +   g - +1 chain mail of Liruoc {Regen+ Dex+3} (curse)
rPois    .         Spirit   +   k - +1 helmet
rElec    .         Reflect  .   t - scarf {Spirit}
rCorr    .         Harm     .   (no gloves)
MR       .....                  (no boots)
Stlth    ..........             L - amulet of faith
HPRegen  0.65/turn              x - ring of positive energy
MPRegen  0.15/turn              (no ring)

@: no status effects
A: talons 2, rugged brown scales 3, nightstalker 1
a: Draw Escape, Draw Destruction, Draw Summoning, Triple Draw, Deal Four,
Renounce Religion


You were on level 10 of the Dungeon.
You worshipped Nemelex Xobeh.
Nemelex Xobeh was greatly pleased with you.
You were not hungry.

You visited 2 branches of the dungeon, and saw 12 of its levels.
You also visited: Ossuary.

You collected 632 gold pieces.
You spent 337 gold pieces at shops.

Inventory:

Hand Weapons
 a - a +0 long sword
 q - a +4 hand axe of freezing (weapon)
Missiles
 Q - a stone (quivered)
Armour
 c - a +0 shield (worn)
 g - the cursed +1 chain mail of Liruoc (worn) {Regen+ Dex+3}
   (You bought it in a shop on level 5 of the Dungeon)

   It affects your dexterity (+3).
   It increases your rate of regeneration.
   It has a curse placed upon it.
 k - a +1 helmet (worn)
 t - a scarf of spirit shield (worn)
Jewellery
 x - a ring of positive energy (left hand)
 I - an uncursed amulet of the acrobat
 L - an amulet of faith (around neck)
Wands
 p - a wand of digging (10)
 H - a wand of iceblast (10)
 J - a wand of flame (51)
 K - a wand of polymorph (14)
 P - a wand of paralysis (6)
Scrolls
 e - 14 scrolls of identify {unknown}
 h - 5 scrolls of immolation {unknown}
 l - 5 scrolls of enchant armour {unknown}
 m - 5 scrolls of amnesia {unknown}
 o - 3 scrolls of blinking {unknown}
 r - 6 scrolls of teleportation
 v - 2 scrolls of fog {unknown}
 y - a scroll of random uselessness {unknown}
 z - 2 scrolls of enchant weapon
 A - 4 scrolls of remove curse {unknown}
 C - 3 scrolls of fear {unknown}
 F - a scroll of noise {unknown}
 M - a scroll of holy word {unknown}
 O - a scroll of vulnerability {unknown}
Potions
 b - a potion of berserk rage
 d - 5 potions of might
 i - a potion of agility
 j - 3 potions of brilliance
 n - 3 potions of flight
 s - 7 potions of curing
 u - 4 potions of lignification {unknown}
 w - 2 potions of ambrosia {unknown}
 B - a potion of haste {unknown}
 D - a potion of heal wounds {unknown}
 E - 2 potions of resistance {unknown}
 N - a potion of mutation {unknown}
Comestibles
 f - 29 rations
 G - 3 chunks of flesh


   Skills:
 + Level 7.6 Fighting
 * Level 7.0 Long Blades
 - Level 6.0 Axes
 + Level 7.1 Armour
 + Level 4.1 Dodging
 + Level 7.0 Shields
 + Level 8.3 Invocations


You had 10 spell levels left.
You didn't know any spells.
Your spell library contained the following spells:

 Spells                   Type           Power        Failure   Level  Hunger
 Animate Skeleton         Necr           N/A          100%        1    ##.....
 Apportation              Tloc           #.....       100%        1    ##.....
 Confusing Touch          Hex            #.....       100%        1    ##.....
 Summon Small Mammal      Summ           #...         100%        1    ##.....


Dungeon Overview and Level Annotations

Branches:
Dungeon (11/15)            Temple (1/1) D:5            Lair (0/6) D:11
    Orc: D:9-12

Altars:
Ashenzari
Cheibriados
Dithmenos
Elyvilon
Fedhas
Gozag
Hepliaklqana
Kikubaaqudgha
Makhleb
Nemelex Xobeh
Okawaru
Qazlal
Ru
Sif Muna
Trog
Uskayaw
Vehumet
Wu Jian
Xom
Yredelemnul
Zin
The Shining One

Shops:
D:5 **?[   D:7 *


Innate Abilities, Weirdness & Mutations

You have razor-sharp toenails.
You are completely covered in rugged brown scales. (AC +3, +7% HP)
You are slightly more attuned to the shadows.


Message History

You block the steam dragon's attack.
The steam dragon claws you but does no damage.
You draw a card...
You have drawn the Pentagram.
The steam dragon breathes steam at you. The ball of steam hits you.
The two-headed ogre hits you with a +0 giant club!!
* * * LOW HITPOINT WARNING * * *
The two-headed ogre hits you with a +0 giant spiked club!
* * * LOW HITPOINT WARNING * * *
You draw a card...
You have drawn the Elixir.
You begin rapidly regenerating.
You are engulfed in a cloud of scalding steam.
The steam dragon breathes steam at you. The ball of steam hits you!
* * * LOW HITPOINT WARNING * * *
Your neqoxec gestures.
The two-headed ogre hits you with a +0 giant club!
* * * LOW HITPOINT WARNING * * *
The two-headed ogre hits you with a +0 giant spiked club!
You die...
Your body glows with a rainbow of weird colours and disappears.

#..##............#
.####............#
.#.#.#........##.#
.....#.........###
##...#.........#.#
................##
...........[....>#
...............O##
..............5)@#
..(............D†#
..[...........R.3#
..)............5.#
..[#.#...........#
..###............#
..##.............#
.#.#.............#
.................#


You could see a two-headed ogre, a steam dragon, a friendly rakshasa, a friendly
neqoxec, a friendly crimson imp and a friendly ufetubus.

Vanquished Creatures
  A two-headed ogre (D:9)
  2 unseen horrors (D:11)
  A kobold demonologist (D:10)
  A hornet (D:8)
  A spriggan (D:7)
  2 wyverns
  Eustachio (D:5)
  4 yaks (D:11)
  2 basilisks (D:11)
  Menkaure (D:7)
  A water moccasin (D:7)
  4 porcupines
  3 sky beasts
  A black bear (D:5)
  2 phantoms
  2 orc warriors
  5 ogres
  A necrophage (D:10)
  3 centaurs
  2 crocodiles (D:11)
  A wyvern zombie (D:11)
  8 bullfrogs
  3 scorpions
  6 killer bees (D:8)
  4 howler monkeys
  7 crimson imps
  A quasit (D:8)
  A bullfrog zombie (Ossuary)
  4 centaur zombies
  2 jellies
  3 orc priests
  4 hounds
  5 iguanas
  Natasha (twice) (D:2)
  Terence (D:2)
  5 orc wizards
  7 worker ants
  2 killer bee zombies
  A hound zombie (Ossuary)
  A hound skeleton (D:9)
  17 mummies (Ossuary)
  2 howler monkey zombies
  6 worker ant zombies (Ossuary)
  2 howler monkey skeletons
  12 gnolls
  8 adders
  A shadow imp (D:10)
  3 oozes
  6 adder zombies (Ossuary)
  2 worms
  2 dart slugs
  4 leopard geckos
  27 orcs
  4 giant cockroaches
  10 goblins
  10 hobgoblins
  8 jackals
  6 quokkas
  A ball python (D:3)
  13 bats
  6 frilled lizards
  11 kobolds
  3 leopard gecko zombies
  A quokka skeleton (D:4)
  7 rats
  A spectral orc (D:2)
  A plant (D:11)
282 creatures vanquished.

Vanquished Creatures (collateral kills)
  A hippogriff (D:11)
1 creature vanquished.

Vanquished Creatures (others)
  An unseen horror (D:10)
  2 plants (D:11)
3 creatures vanquished.

Grand Total: 286 creatures vanquished

Notes
Turn   | Place    | Note
-------+----------+-------------------------------------------
     0 | D:1      | Hasart the Demonspawn Fighter began the quest for the Orb.
     0 | D:1      | Reached XP level 1. HP: 18/18 MP: 1/1
   116 | D:1      | Gained mutation: You have sharp toenails. [demonic
                  | ancestry]
   116 | D:1      | Reached XP level 2. HP: 24/24 MP: 2/2
   674 | D:1      | Gained mutation: You are partially covered in rugged brown
                  | scales. (AC +1, +3% HP) [demonic ancestry]
   674 | D:1      | Reached XP level 3. HP: 24/29 MP: 3/3
  1017 | D:2      | Gained mutation: You are slightly more attuned to the
                  | shadows. [demonic ancestry]
  1017 | D:2      | Reached XP level 4. HP: 21/36 MP: 4/4
  1267 | D:2      | Noticed Terence
  1274 | D:2      | Killed Terence
  1581 | D:2      | Noticed Natasha
  1587 | D:2      | Killed Natasha
  1587 | D:2      | Reached skill level 1 in Axes
  1587 | D:2      | Reached XP level 5. HP: 42/43 MP: 5/5
  1615 | D:2      | Noticed Natasha
  1621 | D:2      | Killed Natasha
  1787 | D:2      | Found a basalt altar of Yredelemnul.
  2570 | D:4      | Found an ornate altar of the Wu Jian Council.
  2687 | D:4      | Gained mutation: You have razor-sharp toenails. [demonic
                  | ancestry]
  2687 | D:4      | Reached XP level 6. HP: 49/49 MP: 6/6
  2773 | D:4      | Found a sparkling altar of Nemelex Xobeh.
  2861 | D:4      | Became a worshipper of Nemelex Xobeh the Trickster
  2991 | D:4      | Received a gift from Nemelex Xobeh
  3004 | D:4      | Reached skill level 1 in Invocations
  3161 | D:5      | Entered Level 5 of the Dungeon
  3164 | D:5      | Found Zilus's Armour Shoppe.
  3180 | D:5      | Reached XP level 7. HP: 52/56 MP: 6/8
  3273 | D:5      | Bought the cursed +1 chain mail of Liruoc {Regen+ Dex+3}
                  | for 198 gold pieces
  3413 | D:5      | Reached skill level 2 in Invocations
  3514 | D:5      | Noticed Eustachio
  3568 | D:5      | Killed Eustachio
  3723 | D:5      | Reached skill level 3 in Invocations
  3723 | D:5      | Gained mutation: You are mostly covered in rugged brown
                  | scales. (AC +2, +5% HP) [demonic ancestry]
  3723 | D:5      | Reached XP level 8. HP: 56/64 MP: 7/10
  3824 | D:5      | Reached skill level 5 in Fighting
  3839 | D:5      | Found Bumiuttioso's Magic Scroll Boutique.
  3841 | D:5      | Found Estuf's General Store.
  3859 | D:5      | Bought a scroll of teleportation for 42 gold pieces
  3863 | D:5      | Found a staircase to the Ecumenical Temple.
  3871 | D:5      | Bought a scroll of enchant weapon for 97 gold pieces
  3894 | Temple   | Entered the Ecumenical Temple
  4013 | D:5      | Found Osoybiets's Assorted Antiques.
  4016 | D:5      | Reached * piety under Nemelex Xobeh
  4585 | D:6      | Noticed a -3 dagger
  4586 | D:6      | Noticed a +0 hand axe
  4587 | D:6      | Found a hide-covered altar of Uskayaw.
  4613 | D:6      | Found a sand-covered staircase.
  4621 | Ossuary  | Entered an ossuary
  4672 | Ossuary  | Reached skill level 4 in Invocations
  4743 | Ossuary  | Reached skill level 5 in Axes
  4810 | Ossuary  | Reached skill level 5 in Armour
  4997 | D:6      | Reached skill level 5 in Shields
  5046 | D:6      | Gained mutation: You are completely covered in rugged brown
                  | scales. (AC +3, +7% HP) [demonic ancestry]
  5046 | D:6      | Reached XP level 9. HP: 58/73 MP: 10/12
  5186 | D:6      | Reached skill level 5 in Invocations
  5299 | D:6      | Found a blossoming altar of Fedhas.
  5443 | D:7      | Reached ** piety under Nemelex Xobeh
  5443 | D:7      | Received a gift from Nemelex Xobeh
  5443 | D:7      | Found an opulent altar of Gozag.
  5476 | D:7      | Found Catueff's Assorted Antiques.
  5485 | D:7      | You fall through a shaft for 2 floors!
  5517 | D:9      | You fall through a shaft!
  5517 | D:10     | Entered Level 10 of the Dungeon
  5564 | D:8      | Paralysed by a hornet for 1 turns
  5829 | D:7      | Reached skill level 1 in Dodging
  5860 | D:7      | Received a gift from Nemelex Xobeh
  5953 | D:7      | Noticed Menkaure
  5959 | D:7      | Killed Menkaure
  6333 | D:8      | Reached skill level 6 in Invocations
  6385 | D:8      | Received a gift from Nemelex Xobeh
  6529 | D:8      | Found an ancient bone altar of Kikubaaqudgha.
  6634 | D:8      | Reached *** piety under Nemelex Xobeh
  6645 | D:8      | Received a gift from Nemelex Xobeh
  6718 | D:8      | Reached XP level 10. HP: 77/82 MP: 12/14
  6869 | D:9      | Noticed a two-headed ogre
  6875 | D:9      | Killed a two-headed ogre
  6875 | D:9      | Reached skill level 5 in Long Blades
  7034 | D:9      | Received a gift from Nemelex Xobeh
  7097 | D:9      | Reached skill level 7 in Invocations
  7680 | D:10     | Received a gift from Nemelex Xobeh
  7725 | D:10     | Noticed an unseen horror
  7727 | D:10     | Killed an unseen horror
  7762 | D:10     | Reached **** piety under Nemelex Xobeh
  7956 | D:10     | Received a gift from Nemelex Xobeh
  8170 | D:11     | Killed an unseen horror
  8179 | D:11     | Found a staircase to the Lair.
  8199 | D:11     | Reached XP level 11. HP: 80/89 MP: 13/16
  8204 | D:11     | Reached skill level 8 in Invocations
  8231 | D:11     | Killed an unseen horror
  8234 | D:11     | Noticed a purple ugly thing
  8235 | D:11     | Noticed a two-headed ogre
  8265 | D:11     | Noticed a two-headed ogre
  8272 | D:10     | Noticed a soul eater
  8447 | D:10     | HP: 2/90 [two-headed ogre/+0 giant club (10)]
  8447 | D:10     | Mangled by a two-headed ogre

Skill      XL: |  1  2  3  4  5  6  7  8  9 10 11 |
---------------+----------------------------------+-----
Long Blades    | 2 3 4 6 7 |  7.0
Armour         | 3 4 5 6 7 |  7.1
Shields        | 3 4 5 6 7 |  7.0
Axes           | 1 2 3 4 5 6 |  6.0
Fighting       | 4 5 6 7 |  7.6
Invocations    | 1 3 4 6 7 8 |  8.3
Dodging        | 2 3 4 |  4.1

Action                   |  1- 3 |  4- 6 |  7- 9 | 10-12 || total
-------------------------+-------+-------+-------+-------++-------
Melee: Long sword        |    67 |    12 |       |       ||    79
       Kick              |    15 |    30 |   150 |    85 ||   280
       Hand axe          |       |   111 |   424 |   195 ||   730
 Abil: Draw Destruction  |       |       |       |     6 ||     6
       Draw Summoning    |       |       |       |     2 ||     2
       Draw Escape       |       |       |       |     1 ||     1
  Use: Potion            |       |       |     5 |       ||     5
  Eat: Chunk             |       |     7 |     9 |     6 ||    22
       Ration            |       |       |     1 |       ||     1
Armor: Scale mail        |    27 |    51 |     2 |       ||    80
       Chain mail        |       |       |   242 |   125 ||   367
Dodge: Dodged            |    23 |    27 |   130 |    59 ||   239
Block: Shield            |    32 |    60 |   226 |   134 ||   452
       Rpst.: Long sword |    10 |     1 |       |       ||    11
